 Dungeon Crawl Stone Soup version 0.30-a0-634-g8abc85282e (webtiles) character file.

Game seed: 9829265995527215923

5 Sabo the Firebug (level 1, -1/13 HPs)
             Began as a Demonspawn Fire Elementalist on Jan 14, 2023.
             Slain by a hobgoblin (2 damage)
             ... on level 1 of the Dungeon.
             The game lasted 00:01:16 (255 turns).

Sabo the Firebug (Demonspawn Fire Elementalist)      Turns: 255, Time: 00:01:17

Health: -1/13      AC:  2    Str:  8    XL:     1   Next: 66%
Magic:  1/3        EV: 12    Int: 16    God:
Gold:   33         SH:  0    Dex: 13    Spells: 3/4 levels left

rFire   . . .      SeeInvis .    (no weapon)
rCold   . . .      Faith    .    (no shield)
rNeg    . . .      Spirit   .    a - +0 robe
rPois   .          Reflect  .    (no helmet)
rElec   .          Harm     .    (no cloak)
rCorr   .          Rampage  .    (no gloves)
Will    .....                    (no boots)
Stlth   ++                       (no amulet)
HPRegen 0.22/turn                (no ring)
MPRegen 0.08/turn                (no ring)

@: no status effects
A: no striking features
a: no special abilities


You were on level 1 of the Dungeon.
You visited 1 branch of the dungeon, and saw 1 of its levels.

You collected 33 gold pieces.

Inventory:

Missiles
 c - 4 poisoned darts (quivered)
Armour
 a - a +0 robe (worn)
Scrolls
 d - a scroll of blinking {unknown}
Potions
 b - a potion of magic


   Skills:
 + Level 1.7 Dodging
 + Level 1.8 Stealth
 + Level 2.1 Spellcasting
 + Level 1.0 Conjurations
 + Level 2.9 Fire Magic


You had 3 spell levels left.
You knew the following spells:

 Your Spells              Type           Power      Damage    Failure   Level
a - Foxfire               Conj/Fire      32%        2x1d5     9%          1

Your spell library contained the following spells:

 Spells                   Type           Power      Damage    Failure   Level
 Scorch                   Fire           22%        2d6       10%         2
 Inner Flame              Hex/Fire       6%         N/A       34%         3
 Kindle Blastsparks       Fire/Tloc/Air  8%         2d10      38%         3
 Flame Wave               Conj/Fire      8%         2d5       65%         4


Dungeon Overview and Level Annotations

Branches:
Dungeon (1/15)

Altars:


Message History

The foxfire hits the dart slug.
The dart slug is severely wounded.
A hobgoblin comes into view.
The hobgoblin shouts!
The dart slug launches a dart at you. The slug dart misses you.
A quokka comes into view.
The dart slug launches a dart at you. The slug dart misses you.
The dart slug launches a dart at you. The slug dart hits you.
The dart slug launches a dart at you. The slug dart misses you.
Casting: Foxfire (safe; 9% risk of failure)
Confirm with . or Enter, or press ? or * to list all spells.
You conjure some foxfire!
The foxfire hits the quokka.
The quokka is severely wounded.
The hobgoblin barely misses you.
The foxfire hits the quokka but does no damage.
The quokka is severely wounded.
You hit the hobgoblin but do no damage. The quokka barely misses you.
The hobgoblin closely misses you.
You completely miss the hobgoblin. The quokka barely misses you.
The quokka bites you. The hobgoblin barely misses you.
You closely miss the hobgoblin. The quokka closely misses you.
The hobgoblin closely misses you.
You barely miss the hobgoblin. The quokka barely misses you.
The hobgoblin closely misses you.
You completely miss the hobgoblin. The quokka bites you.
The hobgoblin hits you.
You closely miss the hobgoblin. The quokka closely misses you.
The hobgoblin barely misses you.
You hit the hobgoblin.
The hobgoblin is heavily wounded.
The quokka bites you.
* * * LOW HITPOINT WARNING * * *
The quokka bites you.
* * * LOW HITPOINT WARNING * * *
The hobgoblin hits you.
You die...

..... #.# #.##.#.#
.....####.###.#....
.................#
...).............#
.................#
.................#
.................#
...............rg#
...............w@#
.................#
####...........###
#.).........#
#...........#
####...........
..............
........######
........#


You could see a dart slug, a quokka and a hobgoblin.

Vanquished Creatures
  2 ball pythons (D:1)
  An endoplasm (D:1)
  A bat (D:1)
  A goblin (D:1)
  A kobold (D:1)
6 creatures vanquished.

Vanquished Creatures (others)
  16 foxfires (D:1)
16 creatures vanquished.

Grand Total: 22 creatures vanquished

Notes
Turn   | Place    | Note
-------+----------+-------------------------------------------
     0 | D:1      | Sabo the Demonspawn Fire Elementalist began the quest for
                  | the Orb.
     0 | D:1      | Reached XP level 1. HP: 13/13 MP: 3/3
   255 | D:1      | Slain by a hobgoblin

Illustrated notes

Levels and vault maps discovered:
D:1:      minmay_arrival_cross, layout_basic

Action                   || total
-------------------------++-------
Melee: Unarmed           ||     7
 Cast: Foxfire           ||     9
Dodge: Dodged            ||    14

Table legend: (Time is in decaauts)
 A = Elapsed time spent in this place.
 B = Non-inter-level travel time spent in this place.
 C = Inter-level travel time spent in this place.
 D = Time resting spent in this place.
 E = Time spent auto-exploring this place.
 F = Levels seen in this place.
 G = Mean time per level.
                   A        B        C        D        E       F      G
               +--------+--------+--------+--------+--------+-----+--------+
         Total |    255 |    255 |      0 |     43 |      0 |   1 |  255.0 |
       Dungeon |    255 |    255 |      0 |     43 |      0 |   1 |  255.0 |
               +--------+--------+--------+--------+--------+-----+--------+

Top non-repeatable levels by time:
     D:1: 255 daAuts
